Philadelphia Flyers vs Quebec Nordiques

Created - Sunday, February 15, 2026 at 08:01

Goals
1 2 3 OT1 T
Philadelphia Flyers 0 2 1 1 4
Quebec Nordiques 1 2 0 0 3
Shots
1 2 3 OT1 T
Philadelphia Flyers 11 20 8 1 40
Quebec Nordiques 6 10 17 0 33

1st period

1. Quebec Nordiques , Nico Hischier 6 (Matthew Boldy 14) at 13:11

Penalties :
Jack McBain (PHI) for Slashing (Minor) at 1:35, Brandon Duhaime (PHI) for Interference (Minor) at 3:50, Jeff Skinner (PHI) for Hooking (Minor) at 8:24, Alex DeBrincat (QUE) for Roughing (Minor) at 13:40, Alexandre Carrier (QUE) for Interference (Minor) at 16:46

2nd period

2. Philadelphia Flyers , Jeff Skinner 7 (Calle Jarnkrok 2, Radek Faksa 5) at 11:04
3. Quebec Nordiques , Alex DeBrincat 4 (Connor McDavid 19, Thomas Harley 8) at 14:20 (PP)
4. Philadelphia Flyers , Radek Faksa 3 (Kaapo Kakko 12, Brandon Duhaime 3) at 18:09
5. Quebec Nordiques , Alex DeBrincat 5 (Matthew Knies 15, Connor McDavid 20) at 18:33

Penalties :
Alex DeBrincat (QUE) for Holding (Minor) at 3:17, J.J. Moser (PHI) for Tripping (Minor) at 6:07, Henri Jokiharju (PHI) for Roughing (Minor) at 14:13

3rd period

6. Philadelphia Flyers , Jeff Skinner 8 (Calle Jarnkrok 3, Zac Jones 6) at 10:51

Penalties :
Brandon Duhaime (PHI) for Interference (Minor) at 2:05, Matthew Knies (QUE) for Slashing (Minor) at 11:50, Jake McCabe (QUE) for Tripping (Minor) at 19:57

Overtime #1

7. Philadelphia Flyers , Cody Glass 5 (Kaapo Kakko 13) at 0:33 (PP)

Penalties :
No Penalty

Goalie Stats

Jake Allen (PHI), 30 saves from 33 shots - (0.909), W, 9-7-1, 60:33 minutes
Andrei Vasilevskiy (QUE), 36 saves from 40 shots - (0.900), OTL, 12-2-3, 60:33 minutes

Players Stats for Philadelphia Flyers

Player Name              G  A  P  +/- PIM S  H  SB GA TA FO     MP     PP MP  PK MP  
------------------------------------------------------------------------------------
Alex Steeves             0  0  0   0  0   5  3  0  0  0  4/12   10:39   0:00   0:00 
Brandon Duhaime          0  1  1   0  4   0  0  0  0  0  0/0     9:35   0:00   0:00 
Calle Jarnkrok           0  2  2   1  0   1  2  2  0  0  2/4    15:51   0:00   5:02 
Cody Glass               1  0  1   0  0   3  1  0  0  0  6/14   13:35   4:28   0:00 
Cole Guttman             0  0  0   0  0   2  0  0  0  0  1/2    11:26   0:00   0:00 
Colton Sissons           0  0  0   0  0   2  0  0  1  1  10/20  19:46   3:30   4:54 
Henri Jokiharju          0  0  0   0  2   1  1  2  0  0  0/0    26:44   5:17   5:14 
J.J. Moser               0  0  0   1  2   2  5  0  0  0  0/0    24:59   5:23   4:08 
Jack McBain              0  0  0   0  2   1  1  0  0  0  0/1    14:39   0:00   3:49 
Jeff Skinner             2  0  2   1  2   6  3  1  0  0  0/0    15:42   3:30   0:52 
Kaapo Kakko              0  2  2   0  0   1  2  0  1  0  0/0    14:56   4:28   0:39 
Kirby Dach               0  0  0   0  0   3  1  1  0  0  1/3    14:51   3:30   0:00 
Louis Crevier            0  0  0   1  0   2  0  1  0  1  0/0    18:56   0:00   4:38 
Nick Blankenburg         0  0  0   0  0   0  0  1  0  0  0/0     0:11   0:00   0:00 
Radek Faksa              1  1  2   1  0   4  3  1  1  0  10/20  15:31   0:00   4:48 
Thomas Novak             0  0  0   0  0   3  0  0  2  1  0/0    14:36   4:28   0:00 
Will Borgen              0  0  0  -1  0   2  3  0  0  0  0/0    28:27   0:55   4:48 
Zac Jones                0  1  1   1  0   2  1  1  1  0  0/0    21:40   4:21   1:16 

Players Stats for Quebec Nordiques

Player Name              G  A  P  +/- PIM S  H  SB GA TA FO     MP     PP MP  PK MP  
------------------------------------------------------------------------------------
Alex DeBrincat           2  0  2  -1  4   6  3  1  0  0  1/2    19:45   5:15   0:00 
Alex Vlasic              0  0  0   1  0   0  2  1  0  0  0/0    21:30   0:00   4:52 
Alexandre Carrier        0  0  0  -1  2   0  1  3  0  1  0/0    13:46   0:00   2:17 
Brock Faber              0  0  0  -1  0   0  0  1  0  1  0/0    20:22   6:13   0:47 
Connor McDavid           0  2  2  -1  0   2  2  0  1  0  16/33  19:14   5:21   0:13 
Dylan Larkin             0  0  0   0  0   2  1  1  0  0  4/6    15:59   4:37   2:40 
Jake Evans               0  0  0   0  0   4  0  0  0  0  0/0    11:49   0:00   4:31 
Jake McCabe              0  0  0  -1  2   0  0  3  0  1  0/0    20:37   0:00   4:19 
Matthew Boldy            0  1  1   0  0   3  1  1  0  0  0/0    18:23   3:49   0:50 
Matthew Knies            0  1  1  -1  2   5  0  0  0  1  0/2    20:38   5:18   0:37 
Michael Anderson         0  0  0  -1  0   1  2  1  0  1  0/0    14:14   0:00   3:27 
Nico Hischier            1  0  1   0  0   2  0  1  0  0  18/27  18:14   0:04   5:11 
Nikolaj Ehlers           0  0  0   0  0   1  0  0  1  0  0/0     9:34   0:27   0:00 
Noah Cates               0  0  0   0  0   2  1  0  0  0  0/0     8:41   0:00   2:27 
Patrick Kane             0  0  0   0  0   2  0  0  0  0  0/0    16:40   3:49   0:00 
Rickard Rakell           0  0  0   0  0   0  1  1  0  0  1/1    12:51   4:37   0:00 
Steven Stamkos           0  0  0   0  0   2  2  0  1  0  2/5    10:05   4:27   0:00 
Thomas Harley            0  1  1   1  0   1  0  0  0  1  0/0    21:14   6:13   1:20 

3 Stars

1 - Jeff Skinner (PHI)
2 - Radek Faksa (PHI)
3 - Calle Jarnkrok (PHI)

Power Play

Philadelphia Flyers - 1 on 5 Attempt(s) - 20.00%
Quebec Nordiques - 1 on 6 Attempt(s) - 16.67%

Penalty Kill

Philadelphia Flyers - 5 on 6 Attempt(s) - 83.33% - Score 0 goal in Penalty Kill
Quebec Nordiques - 4 on 5 Attempt(s) - 80.00% - Score 0 goal in Penalty Kill

Team Stat

Philadelphia Flyers - Hits : 26 - Faceoff Wins : 34 - Blocked Shots : 10 - Penalty Minutes : 12
Quebec Nordiques - Hits : 16 - Faceoff Wins : 42 - Blocked Shots : 14 - Penalty Minutes : 10

Official

Referees : Cody Beach and Tom Chmielewski
Linesman : Bryan Pancich and Bevan Mills

Game Notes

Nick Blankenburg is injured at 0:10 of 1st period (Strained Left Knee)

Finance

Level 1 -- Attendance: 5794 (96.57%) -- Ticket Income $550,430
Level 2 -- Attendance: 2744 (54.88%) -- Ticket Income $205,800
Level 3 -- Attendance: 1620 (54.00%) -- Ticket Income $89,100
Level 4 -- Attendance: 2738 (54.76%) -- Ticket Income $95,830
Luxury Box -- Attendance: 959 (95.90%) -- Ticket Income $172,620
Game was played at the Centre Videotron.
Total Attendance: 13855 (69.28%)
Total Ticket Income: $1,113,780
Other Income: $389,823
Total Income: $1,503,603

Philadelphia Flyers

5 vs 5 Forward 
   Center                   Left Wing                Right Wing               Time % Phy DF OF 
 1 Colton Sissons           Kirby Dach               Jack McBain              25     1   2  2  
 2 Cody Glass               Kaapo Kakko              Brandon Duhaime          25     1   2  2  
 3 Alex Steeves             Thomas Novak             Cole Guttman             25     1   2  2  
 4 Radek Faksa              Jeff Skinner             Calle Jarnkrok           25     1   2  2  

5 vs 5 Defense 
   Defense                  Defense                                           Time % Phy DF OF 
 1 Nick Blankenburg         J.J. Moser                                        35     1   2  2  
 2 Will Borgen              Henri Jokiharju                                   35     1   2  2  
 3 Zac Jones                Louis Crevier                                     30     1   2  2  
 4 Nick Blankenburg         J.J. Moser                                        0      1   2  2  

PowerPlay Forward 
   Center                   Left Wing                Right Wing               Time % Phy DF OF 
 1 Cody Glass               Thomas Novak             Kaapo Kakko              50     1   2  2  
 2 Colton Sissons           Jeff Skinner             Kirby Dach               50     1   2  2  

PowerPlay Defense
   Defense                  Defense                                           Time % Phy DF OF 
 1 Nick Blankenburg         Zac Jones                                         50     1   2  2  
 2 J.J. Moser               Henri Jokiharju                                   50     1   2  2  

Penalty Kill 4 Players Forward 
   Center                   Wing                     Time % Phy DF OF 
 1 Colton Sissons           Calle Jarnkrok           50     1   2  2  
 2 Radek Faksa              Jack McBain              50     1   2  2  

Penalty Kill 4 Players Defense
   Defense                  Defense                  Time % Phy DF OF 
 1 J.J. Moser               Nick Blankenburg         50     1   2  2  
 2 Will Borgen              Louis Crevier            50     1   2  2  

Penalty Kill - 3 Players Forward 
   Forward                                           Time % Phy DF OF 
 1 Colton Sissons                                    50     1   2  2  
 2 Kaapo Kakko                                       50     1   2  2  

Penalty Kill - 3 Players Defense
   Defense                  Defense                  Time % Phy DF OF 
 1 J.J. Moser               Nick Blankenburg         50     1   2  2  
 2 Will Borgen              Louis Crevier            50     1   2  2  

4 vs 4 Forward 
   Center                   Wing                     Time % Phy DF OF 
 1 Colton Sissons           Kirby Dach               50     1   2  2  
 2 Cody Glass               Kaapo Kakko              50     1   2  2  

4 vs 4 Defense
   Defense                  Defense                  Time % Phy DF OF 
 1 Nick Blankenburg         J.J. Moser               50     1   2  2  
 2 Will Borgen              Henri Jokiharju          50     1   2  2  

Last Minutes Offensive
   Center                   Left Wing                Right Wing               Defense                  Defense                  
   Cody Glass               Thomas Novak             Kaapo Kakko              Nick Blankenburg         Zac Jones                

Last Minutes Defensive
   Center                   Left Wing                Right Wing               Defense                  Defense                  
   Colton Sissons           Radek Faksa              Jack McBain              J.J. Moser               Nick Blankenburg         

Goaltenders
Starting : Jake Allen               
Backup : Dennis Hildeby           

Extra Forwards
Normal : Colton Sissons, Cody Glass, Kaapo Kakko - PP : Cody Glass, Colton Sissons - PK : Colton Sissons
Extra Defensemen
Normal : J.J. Moser, Nick Blankenburg, Will Borgen - PP : J.J. Moser - PK : J.J. Moser, Nick Blankenburg
Penalty Shots
Kirby Dach, Cody Glass, Kaapo Kakko, Thomas Novak, Radek Faksa

Scratches
Juuso Parssinen (Healthy), Miles Wood (Healthy), Josh Mahura (Healthy), Dylan Roobroeck (Healthy), Paul Cotter (Healthy)

Quebec Nordiques

5 vs 5 Forward 
   Center                   Left Wing                Right Wing               Time % Phy DF OF 
 1 Connor McDavid           Matthew Knies            Alex DeBrincat           35     1   1  3  
 2 Nico Hischier            Patrick Kane             Matthew Boldy            30     1   2  2  
 3 Dylan Larkin             Rickard Rakell           Nikolaj Ehlers           20     1   2  2  
 4 Steven Stamkos           Noah Cates               Jake Evans               15     1   3  1  

5 vs 5 Defense 
   Defense                  Defense                                           Time % Phy DF OF 
 1 Alex Vlasic              Thomas Harley                                     35     1   3  1  
 2 Jake McCabe              Brock Faber                                       30     1   3  1  
 3 Michael Anderson         Alexandre Carrier                                 25     1   3  1  
 4 Jake McCabe              Alex Vlasic                                       10     1   3  1  

PowerPlay Forward 
   Center                   Left Wing                Right Wing               Time % Phy DF OF 
 1 Connor McDavid           Matthew Knies            Alex DeBrincat           60     0   1  4  
 2 Steven Stamkos           Dylan Larkin             Rickard Rakell           40     0   1  4  

PowerPlay Defense
   Defense                  Defense                                           Time % Phy DF OF 
 1 Thomas Harley            Brock Faber                                       70     0   2  3  
 2 Patrick Kane             Matthew Boldy                                     30     0   1  4  

Penalty Kill 4 Players Forward 
   Center                   Wing                     Time % Phy DF OF 
 1 Nico Hischier            Jake Evans               60     2   3  0  
 2 Dylan Larkin             Noah Cates               40     2   3  0  

Penalty Kill 4 Players Defense
   Defense                  Defense                  Time % Phy DF OF 
 1 Alex Vlasic              Jake McCabe              60     2   3  0  
 2 Michael Anderson         Alexandre Carrier        40     2   3  0  

Penalty Kill - 3 Players Forward 
   Forward                                           Time % Phy DF OF 
 1 Nico Hischier                                     60     2   3  0  
 2 Jake Evans                                        40     2   3  0  

Penalty Kill - 3 Players Defense
   Defense                  Defense                  Time % Phy DF OF 
 1 Alex Vlasic              Jake McCabe              60     2   3  0  
 2 Michael Anderson         Alexandre Carrier        40     2   3  0  

4 vs 4 Forward 
   Center                   Wing                     Time % Phy DF OF 
 1 Connor McDavid           Matthew Knies            60     1   1  3  
 2 Nico Hischier            Matthew Boldy            40     1   1  3  

4 vs 4 Defense
   Defense                  Defense                  Time % Phy DF OF 
 1 Jake McCabe              Thomas Harley            60     1   2  2  
 2 Alex Vlasic              Brock Faber              40     1   2  2  

Last Minutes Offensive
   Center                   Left Wing                Right Wing               Defense                  Defense                  
   Connor McDavid           Alex DeBrincat           Matthew Knies            Brock Faber              Thomas Harley            

Last Minutes Defensive
   Center                   Left Wing                Right Wing               Defense                  Defense                  
   Nico Hischier            Dylan Larkin             Jake Evans               Alex Vlasic              Michael Anderson         

Goaltenders
Starting : Andrei Vasilevskiy       
Backup : Devon Levi               

Extra Forwards
Normal : Nikolaj Ehlers, Matthew Boldy, Matthew Knies - PP : Nikolaj Ehlers, Matthew Boldy - PK : Matthew Knies
Extra Defensemen
Normal : Michael Anderson, Alexandre Carrier, Alex Vlasic - PP : Jake McCabe - PK : Thomas Harley, Brock Faber
Penalty Shots
Matthew Boldy, Alex DeBrincat, Connor McDavid, Patrick Kane, Rickard Rakell

Scratches
Michael McCarron (Healthy)

% Time on Ice - Philadelphia Flyers

Lines # - Real PCT - Wanted PCT - Time Play
Normal Forward
1 - 25% - 25% - 10:19
2 - 25% - 25% - 10:19
3 - 25% - 25% - 10:39
4 - 26% - 25% - 10:43
Normal Defense
1 - 38% - 35% - 16:09
2 - 31% - 35% - 12:49
3 - 31% - 30% - 13:02
4 - 0% - 0% - 0:00
PP Forward
1 - 56% - 50% - 4:28
2 - 44% - 50% - 3:30
PP Defense
1 - 61% - 50% - 4:53
2 - 39% - 50% - 3:05
PK Forward
1 - 51% - 50% - 5:09
2 - 49% - 50% - 4:53
PK Defense
1 - 58% - 50% - 5:50
2 - 42% - 50% - 4:12
PK3 Forward
1 - 0% - 50%
2 - 0% - 50%
PK3 Defense
1 - 0% - 50%
2 - 0% - 50%
44 Forward
1 - 70% - 50% - 0:23
2 - 30% - 50% - 0:10
44 Defense
1 - 100% - 50% - 0:33
2 - 0% - 50% - 0:00
Last Minute Offensive  - 0:00
Last Minute Defensive  - 0:00
Total
Forward - 60:33
Defense - 60:33

% Time on Ice - Quebec Nordiques

Lines # - Real PCT - Wanted PCT - Time Play
Normal Forward
1 - 37% - 35% - 15:43
2 - 29% - 30% - 12:19
3 - 18% - 20% - 7:44
4 - 15% - 15% - 6:14
Normal Defense
1 - 38% - 35% - 15:58
2 - 35% - 30% - 14:33
3 - 26% - 25% - 10:47
4 - 2% - 10% - 0:42
PP Forward
1 - 54% - 60% - 5:25
2 - 46% - 40% - 4:37
PP Defense
1 - 62% - 70% - 6:13
2 - 38% - 30% - 3:49
PK Forward
1 - 69% - 60% - 5:31
2 - 31% - 40% - 2:27
PK Defense
1 - 57% - 60% - 4:31
2 - 43% - 40% - 3:27
PK3 Forward
1 - 100% - 60% - 0:33
2 - 0% - 40% - 0:00
PK3 Defense
1 - 100% - 60% - 0:33
2 - 0% - 40% - 0:00
44 Forward
1 - 0% - 60%
2 - 0% - 40%
44 Defense
1 - 0% - 60%
2 - 0% - 40%
Last Minute Offensive  - 0:00
Last Minute Defensive  - 0:00
Total
Forward - 60:33
Defense - 60:33

Play-by-Play

1st period


0:01 of 1st period - Colton Sissons wins face-off versus Connor McDavid in neutral zone.
0:10 of 1st period - Wrist shot by Matthew Knies.
0:10 of 1st period - Shot Blocked by Nick Blankenburg.
0:10 of 1st period - Nick Blankenburg from Philadelphia Flyers is injured at 0:10 of 1st period (Strained Left Knee).
0:11 of 1st period - Nico Hischier wins face-off versus Cody Glass in Philadelphia Flyers zone.
0:42 of 1st period - Off-side.
0:43 of 1st period - Dylan Larkin wins face-off versus Radek Faksa in neutral zone.
0:56 of 1st period - Wrist shot by Rickard Rakell.
0:56 of 1st period - Shot Blocked by Calle Jarnkrok.
0:58 of 1st period - Slapshot by Alexandre Carrier.
0:58 of 1st period - Deflect By Dylan Larkin.
0:58 of 1st period - Shot Blocked by Louis Crevier.
0:58 of 1st period - Puck is out of play.
0:59 of 1st period - Alex Steeves wins face-off versus Connor McDavid in Philadelphia Flyers zone.
1:09 of 1st period - Snap shot by Alex Steeves.
1:09 of 1st period - Stopped by Andrei Vasilevskiy without a rebound.
1:10 of 1st period - Colton Sissons wins face-off versus Steven Stamkos in Quebec Nordiques zone.
1:13 of 1st period - Slapshot by Jack McBain.
1:13 of 1st period - Stopped by Andrei Vasilevskiy without a rebound.
1:14 of 1st period - Kirby Dach wins face-off versus Steven Stamkos in Quebec Nordiques zone.
1:35 of 1st period - Minor Penalty to Jack McBain for Slashing.
1:36 of 1st period - Colton Sissons wins face-off versus Connor McDavid in Philadelphia Flyers zone.
1:47 of 1st period - Snap shot by Connor McDavid.
1:47 of 1st period - Shot Misses the Net.
3:35 of 1st period - Penalty to Jack McBain is over, Jack McBain is back on ice.
3:50 of 1st period - Minor Penalty to Brandon Duhaime for Interference.
3:51 of 1st period - Connor McDavid wins face-off versus Colton Sissons in Philadelphia Flyers zone.
4:17 of 1st period - Matthew Boldy is hit by Jack McBain and loses puck.
5:50 of 1st period - Penalty to Brandon Duhaime is over, Brandon Duhaime is back on ice.
5:54 of 1st period - Off-side.
5:55 of 1st period - Nico Hischier wins face-off versus Alex Steeves in neutral zone.
6:24 of 1st period - Slapshot by Steven Stamkos.
6:24 of 1st period - Stopped by Jake Allen with a rebound.
6:30 of 1st period - Slapshot by J.J. Moser.
6:30 of 1st period - Stopped by Andrei Vasilevskiy with a rebound.
7:54 of 1st period - Snap shot by Matthew Boldy.
7:54 of 1st period - Deflect By Patrick Kane.
7:54 of 1st period - Stopped by Jake Allen without a rebound.
7:55 of 1st period - Nico Hischier wins face-off versus Kirby Dach in Philadelphia Flyers zone.
8:18 of 1st period - Snap shot by Matthew Boldy.
8:18 of 1st period - Stopped by Jake Allen with a rebound.
8:20 of 1st period - Slapshot by Alexandre Carrier.
8:20 of 1st period - Deflect By Matthew Boldy.
8:20 of 1st period - Shot Misses the Net.
8:20 of 1st period - Puck is out of play.
8:21 of 1st period - Radek Faksa wins face-off versus Connor McDavid in Philadelphia Flyers zone.
8:21 of 1st period - Radek Faksa is hit by Alexandre Carrier.
8:24 of 1st period - Minor Penalty to Jeff Skinner for Hooking.
8:25 of 1st period - Connor McDavid wins face-off versus Radek Faksa in Philadelphia Flyers zone.
8:41 of 1st period - Radek Faksa is hit by Alex DeBrincat and loses puck.
9:18 of 1st period - Henri Jokiharju is hit by Steven Stamkos and loses puck.
10:03 of 1st period - Icing by Thomas Harley.
10:04 of 1st period - Connor McDavid wins face-off versus Radek Faksa in Quebec Nordiques zone.
10:24 of 1st period - Penalty to Jeff Skinner is over, Jeff Skinner is back on ice.
11:02 of 1st period - Snap shot by Thomas Novak.
11:02 of 1st period - Shot Misses the Net.
11:04 of 1st period - Backhand shot by Louis Crevier.
11:04 of 1st period - Stopped by Andrei Vasilevskiy without a rebound.
11:05 of 1st period - Radek Faksa wins face-off versus Connor McDavid in Quebec Nordiques zone.
11:35 of 1st period - Wrist shot by Thomas Novak.
11:35 of 1st period - Deflect By Alex Steeves.
11:35 of 1st period - Stopped by Andrei Vasilevskiy without a rebound.
11:36 of 1st period - Dylan Larkin wins face-off versus Cole Guttman in Quebec Nordiques zone.
11:36 of 1st period - Dylan Larkin is hit by Alex Steeves.
12:04 of 1st period - Alex Vlasic is hit by Henri Jokiharju and loses puck.
13:01 of 1st period - Wrist shot by Alex DeBrincat.
13:01 of 1st period - Stopped by Jake Allen with a rebound.
13:11 of 1st period - Snap shot by Nico Hischier.
13:11 of 1st period - Goal by Nico Hischier - Philadelphia Flyers : 0 - Quebec Nordiques : 1.
13:12 of 1st period - Radek Faksa wins face-off versus Connor McDavid in neutral zone.
13:15 of 1st period - Wrist shot by Jeff Skinner.
13:15 of 1st period - Stopped by Andrei Vasilevskiy with a rebound.
13:24 of 1st period - Icing by Matthew Knies.
13:25 of 1st period - Connor McDavid wins face-off versus Radek Faksa in Quebec Nordiques zone.
13:32 of 1st period - Wrist shot by Calle Jarnkrok.
13:32 of 1st period - Deflect By Radek Faksa.
13:32 of 1st period - Stopped by Andrei Vasilevskiy without a rebound.
13:33 of 1st period - Connor McDavid wins face-off versus Radek Faksa in Quebec Nordiques zone.
13:40 of 1st period - Minor Penalty to Alex DeBrincat for Roughing.
13:41 of 1st period - Nico Hischier wins face-off versus Cody Glass in Quebec Nordiques zone.
13:41 of 1st period - Nico Hischier is hit by Cody Glass.
13:53 of 1st period - Wrist shot by Kaapo Kakko.
13:53 of 1st period - Shot Blocked by Nico Hischier.
13:55 of 1st period - Slapshot by Zac Jones.
13:55 of 1st period - Deflect By Thomas Novak.
13:55 of 1st period - Stopped by Andrei Vasilevskiy without a rebound.
13:56 of 1st period - Nico Hischier wins face-off versus Colton Sissons in Quebec Nordiques zone.
14:29 of 1st period - Snap shot by Kaapo Kakko.
14:29 of 1st period - Stopped by Andrei Vasilevskiy without a rebound.
14:30 of 1st period - Colton Sissons wins face-off versus Dylan Larkin in Quebec Nordiques zone.
14:59 of 1st period - J.J. Moser is hit by Michael Anderson and loses puck.
15:06 of 1st period - Alexandre Carrier is hit by J.J. Moser and loses puck.
15:17 of 1st period - Slapshot by Colton Sissons.
15:17 of 1st period - Deflect By Dylan Larkin.
15:17 of 1st period - Shot Misses the Net.
15:17 of 1st period - Puck is out of play.
15:18 of 1st period - Colton Sissons wins face-off versus Dylan Larkin in Quebec Nordiques zone.
15:23 of 1st period - Snap shot by Colton Sissons.
15:23 of 1st period - Shot Blocked by Jake McCabe.
15:25 of 1st period - Wrist shot by Colton Sissons.
15:25 of 1st period - Shot Misses the Net.
15:27 of 1st period - Snap shot by Colton Sissons.
15:27 of 1st period - Shot Misses the Net.
15:29 of 1st period - Wrist shot by Kirby Dach.
15:29 of 1st period - Shot Misses the Net.
15:40 of 1st period - Penalty to Alex DeBrincat is over, Alex DeBrincat is back on ice.
15:45 of 1st period - Jake McCabe is hit by Alex Steeves and loses puck.
16:16 of 1st period - Brandon Duhaime is hit by Rickard Rakell and loses puck.
16:31 of 1st period - Slapshot by Colton Sissons.
16:31 of 1st period - Stopped by Andrei Vasilevskiy without a rebound.
16:32 of 1st period - Connor McDavid wins face-off versus Colton Sissons in Quebec Nordiques zone.
16:46 of 1st period - Minor Penalty to Alexandre Carrier for Interference.
16:47 of 1st period - Nico Hischier wins face-off versus Cody Glass in Quebec Nordiques zone.
18:37 of 1st period - Snap shot by Kirby Dach.
18:37 of 1st period - Shot Blocked by Brock Faber.
18:46 of 1st period - Penalty to Alexandre Carrier is over, Alexandre Carrier is back on ice.
18:56 of 1st period - Snap shot by Colton Sissons.
18:56 of 1st period - Deflect By Kirby Dach.
18:56 of 1st period - Stopped by Andrei Vasilevskiy with a rebound.
19:22 of 1st period - Wrist shot by Kirby Dach.
19:22 of 1st period - Shot Misses the Net.
19:28 of 1st period - Snap shot by Jake Evans.
19:28 of 1st period - Stopped by Jake Allen without a rebound.
19:29 of 1st period - Connor McDavid wins face-off versus Calle Jarnkrok in Philadelphia Flyers zone.
19:43 of 1st period - Jake McCabe is hit by J.J. Moser and loses puck.
Goals for this period are 0 for Philadelphia Flyers vs 1 for Quebec Nordiques.
Shots for this period are 11 for Philadelphia Flyers vs 6 for Quebec Nordiques.

2nd period


0:01 of 2nd period - Nico Hischier wins face-off versus Alex Steeves in neutral zone.
0:28 of 2nd period - Slapshot by Henri Jokiharju.
0:28 of 2nd period - Shot Blocked by Jake McCabe.
0:30 of 2nd period - Wrist shot by Jeff Skinner.
0:30 of 2nd period - Stopped by Andrei Vasilevskiy without a rebound.
0:31 of 2nd period - Radek Faksa wins face-off versus Connor McDavid in Quebec Nordiques zone.
1:01 of 2nd period - Snap shot by Matthew Boldy.
1:01 of 2nd period - Shot Misses the Net.
1:03 of 2nd period - Wrist shot by Patrick Kane.
1:03 of 2nd period - Shot Blocked by Zac Jones.
1:05 of 2nd period - Snap shot by Alex Vlasic.
1:05 of 2nd period - Shot Blocked by Kirby Dach.
1:07 of 2nd period - Slapshot by Nico Hischier.
1:07 of 2nd period - Shot Hit the Post.
1:25 of 2nd period - Snap shot by Noah Cates.
1:25 of 2nd period - Stopped by Jake Allen without a rebound.
1:26 of 2nd period - Alex Steeves wins face-off versus Connor McDavid in Philadelphia Flyers zone.
1:34 of 2nd period - Wrist shot by Alex Steeves.
1:34 of 2nd period - Stopped by Andrei Vasilevskiy without a rebound.
1:35 of 2nd period - Cole Guttman wins face-off versus Connor McDavid in Quebec Nordiques zone.
1:42 of 2nd period - Slapshot by Cole Guttman.
1:42 of 2nd period - Stopped by Andrei Vasilevskiy with a rebound.
1:56 of 2nd period - Wrist shot by Cole Guttman.
1:56 of 2nd period - Stopped by Andrei Vasilevskiy without a rebound.
1:57 of 2nd period - Nico Hischier wins face-off versus Colton Sissons in Quebec Nordiques zone.
2:04 of 2nd period - Slapshot by J.J. Moser.
2:04 of 2nd period - Shot Hit the Post.
2:06 of 2nd period - Slapshot by J.J. Moser.
2:06 of 2nd period - Stopped by Andrei Vasilevskiy with a rebound.
2:08 of 2nd period - Snap shot by Will Borgen.
2:08 of 2nd period - Stopped by Andrei Vasilevskiy with a rebound.
2:28 of 2nd period - Off-side.
2:29 of 2nd period - Cody Glass wins face-off versus Connor McDavid in neutral zone.
2:41 of 2nd period - Off-side.
2:42 of 2nd period - Colton Sissons wins face-off versus Nico Hischier in neutral zone.
2:45 of 2nd period - Slapshot by Henri Jokiharju.
2:45 of 2nd period - Shot Misses the Net.
3:09 of 2nd period - Alex DeBrincat is hit by Radek Faksa and loses puck.
3:17 of 2nd period - Minor Penalty to Alex DeBrincat for Holding.
3:18 of 2nd period - Nico Hischier wins face-off versus Colton Sissons in Quebec Nordiques zone.
3:44 of 2nd period - Nico Hischier is hit by Kaapo Kakko and loses puck.
3:51 of 2nd period - Snap shot by Thomas Novak.
3:51 of 2nd period - Shot Blocked by Alex Vlasic.
3:53 of 2nd period - Snap shot by Thomas Novak.
3:53 of 2nd period - Stopped by Andrei Vasilevskiy without a rebound.
3:54 of 2nd period - Cody Glass wins face-off versus Nico Hischier in Quebec Nordiques zone.
4:25 of 2nd period - Wrist shot by Kirby Dach.
4:25 of 2nd period - Shot Blocked by Michael Anderson.
4:27 of 2nd period - Snap shot by Henri Jokiharju.
4:27 of 2nd period - Stopped by Andrei Vasilevskiy with a rebound.
4:29 of 2nd period - Snap shot by Kirby Dach.
4:29 of 2nd period - Shot Misses the Net.
5:17 of 2nd period - Penalty to Alex DeBrincat is over, Alex DeBrincat is back on ice.
6:07 of 2nd period - Minor Penalty to J.J. Moser for Tripping.
6:08 of 2nd period - Alex DeBrincat wins face-off versus Colton Sissons in Philadelphia Flyers zone.
6:12 of 2nd period - Backhand shot by Matthew Knies.
6:12 of 2nd period - Shot Misses the Net.
8:07 of 2nd period - Penalty to J.J. Moser is over, J.J. Moser is back on ice.
8:43 of 2nd period - Snap shot by Nikolaj Ehlers.
8:43 of 2nd period - Deflect By Jake Evans.
8:43 of 2nd period - Shot Misses the Net.
8:43 of 2nd period - Puck is out of play.
8:44 of 2nd period - Cody Glass wins face-off versus Nico Hischier in Philadelphia Flyers zone.
9:43 of 2nd period - Patrick Kane is hit by Radek Faksa and loses puck.
9:56 of 2nd period - Alex Vlasic is hit by Zac Jones and loses puck.
10:11 of 2nd period - Kaapo Kakko is hit by Connor McDavid and loses puck.
10:53 of 2nd period - Alex DeBrincat is hit by Calle Jarnkrok and loses puck.
10:58 of 2nd period - Slapshot by Calle Jarnkrok.
10:58 of 2nd period - Deflect By Radek Faksa.
10:58 of 2nd period - Stopped by Andrei Vasilevskiy with a rebound.
11:04 of 2nd period - Snap shot by Jeff Skinner.
11:04 of 2nd period - Goal by Jeff Skinner - Philadelphia Flyers : 1 - Quebec Nordiques : 1.
11:05 of 2nd period - Calle Jarnkrok wins face-off versus Nico Hischier in neutral zone.
11:58 of 2nd period - Wrist shot by Steven Stamkos.
11:58 of 2nd period - Shot Misses the Net.
12:06 of 2nd period - Wrist shot by Kaapo Kakko.
12:06 of 2nd period - Shot Blocked by Alexandre Carrier.
12:18 of 2nd period - Wrist shot by Zac Jones.
12:18 of 2nd period - Shot Misses the Net.
12:20 of 2nd period - Slapshot by Zac Jones.
12:20 of 2nd period - Stopped by Andrei Vasilevskiy with a rebound.
12:22 of 2nd period - Slapshot by Zac Jones.
12:22 of 2nd period - Stopped by Andrei Vasilevskiy with a rebound.
12:24 of 2nd period - Wrist shot by Thomas Novak.
12:24 of 2nd period - Stopped by Andrei Vasilevskiy with a rebound.
12:26 of 2nd period - Slapshot by J.J. Moser.
12:26 of 2nd period - Shot Blocked by Dylan Larkin.
12:40 of 2nd period - Snap shot by Nico Hischier.
12:40 of 2nd period - Shot Misses the Net.
12:42 of 2nd period - Slapshot by Alexandre Carrier.
12:42 of 2nd period - Deflect By Nico Hischier.
12:42 of 2nd period - Shot Misses the Net.
12:42 of 2nd period - Puck is out of play.
12:43 of 2nd period - Nico Hischier wins face-off versus Colton Sissons in Philadelphia Flyers zone.
12:50 of 2nd period - Snap shot by Nico Hischier.
12:50 of 2nd period - Stopped by Jake Allen with a rebound.
12:57 of 2nd period - Icing by Zac Jones.
12:58 of 2nd period - Connor McDavid wins face-off versus Jack McBain in Philadelphia Flyers zone.
13:11 of 2nd period - Connor McDavid is hit by Kirby Dach and loses puck.
13:28 of 2nd period - Snap shot by Colton Sissons.
13:28 of 2nd period - Stopped by Andrei Vasilevskiy with a rebound.
13:30 of 2nd period - Slapshot by Kirby Dach.
13:30 of 2nd period - Shot Blocked by Jake McCabe.
13:48 of 2nd period - Wrist shot by Brock Faber.
13:48 of 2nd period - Deflect By Matthew Knies.
13:48 of 2nd period - Shot Misses the Net.
13:48 of 2nd period - Puck is out of play.
13:49 of 2nd period - Cody Glass wins face-off versus Nico Hischier in Philadelphia Flyers zone.
14:13 of 2nd period - Minor Penalty to Henri Jokiharju for Roughing.
14:14 of 2nd period - Colton Sissons wins face-off versus Connor McDavid in Philadelphia Flyers zone.
14:18 of 2nd period - Snap shot by Connor McDavid.
14:18 of 2nd period - Shot Hit the Post.
14:20 of 2nd period - Wrist shot by Alex DeBrincat.
14:20 of 2nd period - Goal by Alex DeBrincat - Philadelphia Flyers : 1 - Quebec Nordiques : 2.
14:21 of 2nd period - Nico Hischier wins face-off versus Alex Steeves in neutral zone.
14:40 of 2nd period - Thomas Harley is hit by Will Borgen and loses puck.
14:59 of 2nd period - Snap shot by Matthew Knies.
14:59 of 2nd period - Stopped by Jake Allen with a rebound.
15:01 of 2nd period - Slapshot by Connor McDavid.
15:01 of 2nd period - Stopped by Jake Allen without a rebound.
15:02 of 2nd period - Dylan Larkin wins face-off versus Cody Glass in Philadelphia Flyers zone.
15:13 of 2nd period - Slapshot by Will Borgen.
15:13 of 2nd period - Deflect By Cody Glass.
15:13 of 2nd period - Stopped by Andrei Vasilevskiy without a rebound.
15:14 of 2nd period - Radek Faksa wins face-off versus Nico Hischier in Quebec Nordiques zone.
15:21 of 2nd period - Wrist shot by Calle Jarnkrok.
15:21 of 2nd period - Stopped by Andrei Vasilevskiy without a rebound.
15:22 of 2nd period - Calle Jarnkrok wins face-off versus Nico Hischier in Quebec Nordiques zone.
15:25 of 2nd period - Wrist shot by Radek Faksa.
15:25 of 2nd period - Stopped by Andrei Vasilevskiy without a rebound.
15:26 of 2nd period - Nico Hischier wins face-off versus Cody Glass in Quebec Nordiques zone.
15:57 of 2nd period - Snap shot by Alex Steeves.
15:57 of 2nd period - Stopped by Andrei Vasilevskiy without a rebound.
15:58 of 2nd period - Connor McDavid wins face-off versus Alex Steeves in Quebec Nordiques zone.
16:38 of 2nd period - Wrist shot by Nico Hischier.
16:38 of 2nd period - Shot Blocked by Calle Jarnkrok.
16:50 of 2nd period - Michael Anderson is hit by J.J. Moser and loses puck.
17:13 of 2nd period - Wrist shot by Alex Steeves.
17:13 of 2nd period - Stopped by Andrei Vasilevskiy without a rebound.
17:14 of 2nd period - Nico Hischier wins face-off versus Alex Steeves in Quebec Nordiques zone.
17:26 of 2nd period - Wrist shot by Patrick Kane.
17:26 of 2nd period - Shot Misses the Net.
17:28 of 2nd period - Snap shot by Patrick Kane.
17:28 of 2nd period - Stopped by Jake Allen with a rebound.
17:37 of 2nd period - Icing by Zac Jones.
17:38 of 2nd period - Connor McDavid wins face-off versus Cody Glass in Philadelphia Flyers zone.
18:05 of 2nd period - Wrist shot by Kaapo Kakko.
18:05 of 2nd period - Shot Blocked by Matthew Boldy.
18:07 of 2nd period - Wrist shot by Radek Faksa.
18:07 of 2nd period - Shot Misses the Net.
18:09 of 2nd period - Wrist shot by Radek Faksa.
18:09 of 2nd period - Goal by Radek Faksa - Philadelphia Flyers : 2 - Quebec Nordiques : 2.
18:10 of 2nd period - Connor McDavid wins face-off versus Radek Faksa in neutral zone.
18:19 of 2nd period - Wrist shot by Connor McDavid.
18:19 of 2nd period - Stopped by Jake Allen without a rebound.
18:20 of 2nd period - Connor McDavid wins face-off versus Radek Faksa in Philadelphia Flyers zone.
18:31 of 2nd period - Snap shot by Matthew Knies.
18:31 of 2nd period - Stopped by Jake Allen with a rebound.
18:33 of 2nd period - Wrist shot by Alex DeBrincat.
18:33 of 2nd period - Goal by Alex DeBrincat - Philadelphia Flyers : 2 - Quebec Nordiques : 3.
18:34 of 2nd period - Colton Sissons wins face-off versus Nico Hischier in neutral zone.
18:42 of 2nd period - Off-side.
18:43 of 2nd period - Nico Hischier wins face-off versus Colton Sissons in neutral zone.
19:52 of 2nd period - Snap shot by Matthew Boldy.
19:52 of 2nd period - Stopped by Jake Allen with a rebound.
Goals for this period are 2 for Philadelphia Flyers vs 2 for Quebec Nordiques.
Shots for this period are 20 for Philadelphia Flyers vs 10 for Quebec Nordiques.

3rd period


0:01 of 3rd period - Cody Glass wins face-off versus Connor McDavid in neutral zone.
0:16 of 3rd period - Slapshot by Will Borgen.
0:16 of 3rd period - Shot Blocked by Alex DeBrincat.
0:26 of 3rd period - Thomas Novak is hit by Dylan Larkin and loses puck.
0:49 of 3rd period - Snap shot by Steven Stamkos.
0:49 of 3rd period - Stopped by Jake Allen without a rebound.
0:50 of 3rd period - Steven Stamkos wins face-off versus Radek Faksa in Philadelphia Flyers zone.
1:24 of 3rd period - Connor McDavid is hit by Alex Steeves and loses puck.
1:35 of 3rd period - Cody Glass is hit by Michael Anderson and loses puck.
1:44 of 3rd period - Wrist shot by Dylan Larkin.
1:44 of 3rd period - Stopped by Jake Allen without a rebound.
1:45 of 3rd period - Connor McDavid wins face-off versus Radek Faksa in Philadelphia Flyers zone.
1:46 of 3rd period - Slapshot by Matthew Knies.
1:46 of 3rd period - Shot Blocked by Radek Faksa.
1:48 of 3rd period - Wrist shot by Alex DeBrincat.
1:48 of 3rd period - Stopped by Jake Allen with a rebound.
1:50 of 3rd period - Snap shot by Alex DeBrincat.
1:50 of 3rd period - Deflect By Will Borgen.
1:50 of 3rd period - Shot Blocked by Jeff Skinner.
1:50 of 3rd period - Puck is out of play.
1:51 of 3rd period - Connor McDavid wins face-off versus Radek Faksa in Philadelphia Flyers zone.
2:00 of 3rd period - Wrist shot by Matthew Knies.
2:00 of 3rd period - Stopped by Jake Allen with a rebound.
2:02 of 3rd period - Backhand shot by Thomas Harley.
2:02 of 3rd period - Stopped by Jake Allen without a rebound.
2:03 of 3rd period - Cody Glass wins face-off versus Alex DeBrincat in Philadelphia Flyers zone.
2:05 of 3rd period - Minor Penalty to Brandon Duhaime for Interference.
2:06 of 3rd period - Radek Faksa wins face-off versus Matthew Knies in Philadelphia Flyers zone.
3:18 of 3rd period - Matthew Knies is hit by J.J. Moser and loses puck.
4:05 of 3rd period - Penalty to Brandon Duhaime is over, Brandon Duhaime is back on ice.
4:24 of 3rd period - Patrick Kane is hit by Jeff Skinner and loses puck.
4:35 of 3rd period - Snap shot by Jake Evans.
4:35 of 3rd period - Stopped by Jake Allen with a rebound.
4:37 of 3rd period - Wrist shot by Nikolaj Ehlers.
4:37 of 3rd period - Shot Misses the Net.
4:39 of 3rd period - Slapshot by Noah Cates.
4:39 of 3rd period - Deflect By Nikolaj Ehlers.
4:39 of 3rd period - Stopped by Jake Allen with a rebound.
4:41 of 3rd period - Slapshot by Jake Evans.
4:41 of 3rd period - Deflect By Noah Cates.
4:41 of 3rd period - Stopped by Jake Allen without a rebound.
4:42 of 3rd period - Connor McDavid wins face-off versus Alex Steeves in Philadelphia Flyers zone.
4:59 of 3rd period - Dylan Larkin is hit by Will Borgen and loses puck.
5:34 of 3rd period - Wrist shot by Jeff Skinner.
5:34 of 3rd period - Stopped by Andrei Vasilevskiy with a rebound.
5:50 of 3rd period - Cody Glass is hit by Connor McDavid.
6:04 of 3rd period - Cody Glass is hit by Alex DeBrincat.
6:32 of 3rd period - Wrist shot by Matthew Boldy.
6:32 of 3rd period - Shot Misses the Net.
6:45 of 3rd period - Off-side.
6:46 of 3rd period - Alex Steeves wins face-off versus Steven Stamkos in neutral zone.
7:20 of 3rd period - Snap shot by Jake Evans.
7:20 of 3rd period - Stopped by Jake Allen without a rebound.
7:21 of 3rd period - Radek Faksa wins face-off versus Connor McDavid in Philadelphia Flyers zone.
7:50 of 3rd period - Icing by Nico Hischier.
7:51 of 3rd period - Nico Hischier wins face-off versus Colton Sissons in Quebec Nordiques zone.
7:58 of 3rd period - Jack McBain is hit by Matthew Boldy and loses puck.
8:05 of 3rd period - Wrist shot by Patrick Kane.
8:05 of 3rd period - Shot Blocked by Henri Jokiharju.
8:07 of 3rd period - Wrist shot by Patrick Kane.
8:07 of 3rd period - Shot Misses the Net.
8:09 of 3rd period - Wrist shot by Matthew Boldy.
8:09 of 3rd period - Stopped by Jake Allen without a rebound.
8:10 of 3rd period - Radek Faksa wins face-off versus Matthew Knies in Philadelphia Flyers zone.
8:10 of 3rd period - Radek Faksa is hit by Alex Vlasic.
8:58 of 3rd period - Slapshot by Jack McBain.
8:58 of 3rd period - Shot Blocked by Alexandre Carrier.
9:16 of 3rd period - Cody Glass is hit by Noah Cates and loses puck.
10:16 of 3rd period - Slapshot by Kaapo Kakko.
10:16 of 3rd period - Shot Misses the Net.
10:18 of 3rd period - Snap shot by Louis Crevier.
10:18 of 3rd period - Stopped by Andrei Vasilevskiy with a rebound.
10:20 of 3rd period - Wrist shot by Cody Glass.
10:20 of 3rd period - Stopped by Andrei Vasilevskiy with a rebound.
10:22 of 3rd period - Wrist shot by Kaapo Kakko.
10:22 of 3rd period - Shot Misses the Net.
10:41 of 3rd period - Off-side.
10:42 of 3rd period - Radek Faksa wins face-off versus Connor McDavid in neutral zone.
10:51 of 3rd period - Snap shot by Jeff Skinner.
10:51 of 3rd period - Goal by Jeff Skinner - Philadelphia Flyers : 3 - Quebec Nordiques : 3.
10:52 of 3rd period - Alex Steeves wins face-off versus Connor McDavid in neutral zone.
10:57 of 3rd period - Wrist shot by Alex Steeves.
10:57 of 3rd period - Shot Misses the Net.
10:59 of 3rd period - Snap shot by Alex Steeves.
10:59 of 3rd period - Shot Misses the Net.
11:19 of 3rd period - Matthew Boldy is hit by Radek Faksa and loses puck.
11:28 of 3rd period - Nico Hischier is hit by Calle Jarnkrok and loses puck.
11:36 of 3rd period - Icing by Matthew Boldy.
11:37 of 3rd period - Colton Sissons wins face-off versus Nico Hischier in Quebec Nordiques zone.
11:43 of 3rd period - Off-side.
11:44 of 3rd period - Colton Sissons wins face-off versus Connor McDavid in neutral zone.
11:47 of 3rd period - Slapshot by Will Borgen.
11:47 of 3rd period - Stopped by Andrei Vasilevskiy without a rebound.
11:48 of 3rd period - Connor McDavid wins face-off versus Alex Steeves in Quebec Nordiques zone.
11:50 of 3rd period - Minor Penalty to Matthew Knies for Slashing.
11:51 of 3rd period - Nico Hischier wins face-off versus Kirby Dach in Quebec Nordiques zone.
11:51 of 3rd period - Nico Hischier is hit by Jeff Skinner.
12:04 of 3rd period - Wrist shot by Kirby Dach.
12:04 of 3rd period - Stopped by Andrei Vasilevskiy with a rebound.
13:50 of 3rd period - Penalty to Matthew Knies is over, Matthew Knies is back on ice.
14:00 of 3rd period - Snap shot by Matthew Knies.
14:00 of 3rd period - Shot Blocked by Henri Jokiharju.
14:21 of 3rd period - Wrist shot by Matthew Knies.
14:21 of 3rd period - Stopped by Jake Allen with a rebound.
14:24 of 3rd period - Icing by J.J. Moser.
14:25 of 3rd period - Radek Faksa wins face-off versus Connor McDavid in Philadelphia Flyers zone.
14:25 of 3rd period - Radek Faksa is hit by Alex DeBrincat.
15:02 of 3rd period - Thomas Harley is hit by Kaapo Kakko and loses puck.
15:13 of 3rd period - Cody Glass is hit by Alex Vlasic and loses puck.
15:22 of 3rd period - Snap shot by Matthew Knies.
15:22 of 3rd period - Stopped by Jake Allen with a rebound.
15:24 of 3rd period - Slapshot by Alex DeBrincat.
15:24 of 3rd period - Stopped by Jake Allen with a rebound.
15:26 of 3rd period - Slapshot by Matthew Knies.
15:26 of 3rd period - Shot Misses the Net.
15:38 of 3rd period - Snap shot by Alex DeBrincat.
15:38 of 3rd period - Stopped by Jake Allen without a rebound.
15:39 of 3rd period - Rickard Rakell wins face-off versus Alex Steeves in Philadelphia Flyers zone.
16:04 of 3rd period - Louis Crevier is hit by Steven Stamkos and loses puck.
16:13 of 3rd period - Wrist shot by Jake Evans.
16:13 of 3rd period - Stopped by Jake Allen with a rebound.
16:31 of 3rd period - Snap shot by Kirby Dach.
16:31 of 3rd period - Stopped by Andrei Vasilevskiy with a rebound.
16:37 of 3rd period - Wrist shot by Kirby Dach.
16:37 of 3rd period - Shot Blocked by Alexandre Carrier.
17:03 of 3rd period - Snap shot by Dylan Larkin.
17:03 of 3rd period - Stopped by Jake Allen without a rebound.
17:04 of 3rd period - Steven Stamkos wins face-off versus Cody Glass in Philadelphia Flyers zone.
17:31 of 3rd period - Thomas Harley is hit by Jeff Skinner and loses puck.
17:36 of 3rd period - Wrist shot by Jeff Skinner.
17:36 of 3rd period - Shot Misses the Net.
17:38 of 3rd period - Snap shot by J.J. Moser.
17:38 of 3rd period - Shot Blocked by Rickard Rakell.
17:42 of 3rd period - Wrist shot by Jeff Skinner.
17:42 of 3rd period - Stopped by Andrei Vasilevskiy with a rebound.
17:44 of 3rd period - Slapshot by Jeff Skinner.
17:44 of 3rd period - Shot Misses the Net.
18:22 of 3rd period - Snap shot by Connor McDavid.
18:22 of 3rd period - Shot Misses the Net.
18:24 of 3rd period - Slapshot by Michael Anderson.
18:24 of 3rd period - Stopped by Jake Allen without a rebound.
18:25 of 3rd period - Dylan Larkin wins face-off versus Calle Jarnkrok in Philadelphia Flyers zone.
19:46 of 3rd period - Rickard Rakell is hit by J.J. Moser and loses puck.
19:57 of 3rd period - Minor Penalty to Jake McCabe for Tripping.
19:58 of 3rd period - Nico Hischier wins face-off versus Cody Glass in Quebec Nordiques zone.
Goals for this period are 1 for Philadelphia Flyers vs 0 for Quebec Nordiques.
Shots for this period are 8 for Philadelphia Flyers vs 17 for Quebec Nordiques.

Overtime #1


0:01 of 1st overtime period - Nico Hischier wins face-off versus Colton Sissons in neutral zone.
0:26 of 1st overtime period - Nico Hischier is hit by Will Borgen and loses puck.
0:33 of 1st overtime period - Wrist shot by Cody Glass.
0:33 of 1st overtime period - Goal by Cody Glass - Philadelphia Flyers : 4 - Quebec Nordiques : 3.
Goals for this period are 1 for Philadelphia Flyers vs 0 for Quebec Nordiques.
Shots for this period are 1 for Philadelphia Flyers vs 0 for Quebec Nordiques.